 Dungeon Crawl Stone Soup version 0.28-b1-25-g9875b3fc8c (webtiles) character file.

Game seed: 10065736583317077538

144 Riddle the Shield-Bearer (level 5, -8/47 HPs)
             Began as a Gnoll Fighter on Feb 1, 2022.
             Mangled by an ogre (11 damage)
             ... on level 3 of the Dungeon.
             The game lasted 00:01:44 (2896 turns).

Riddle the Shield-Bearer (Gnoll Fighter)            Turns: 2896, Time: 00:01:44

Health: -8/47      AC:  7    Str: 16    XL:     5   Next: 26%
Magic:  7/7        EV:  9    Int:  7    God:
Gold:   76         SH:  5    Dex: 13    Spells: 6/6 levels left

rFire   . . .      SeeInvis .   a - +0 war axe
rCold   . . .      Faith    .   c - +0 buckler
rNeg    . . .      Spirit   .   b - +0 scale mail
rPois   .          Reflect  .   (no helmet)
rElec   .          Harm     .   (no cloak)
rCorr   .          Rampage  .   (no gloves)
Will    .....                   (no boots)
Stlth   ..........              (no amulet)
HPRegen 0.15/turn               (no ring)
MPRegen 0.10/turn               (no ring)

@: no status effects
A: fangs 1, strong nose, distributed training
a: no special abilities


You were on level 3 of the Dungeon.
You visited 1 branch of the dungeon, and saw 3 of its levels.

You collected 76 gold pieces.

Inventory:

Hand Weapons
 a - a +0 war axe (weapon)
Armour
 b - a +0 scale mail (worn)
 c - a +0 buckler (worn)
Jewellery
 k - a ring of positive energy
Wands
 m - a wand of acid (6)
Scrolls
 e - 2 scrolls of blinking {unknown}
 g - 3 scrolls of fear {unknown}
 h - 3 scrolls of identify {unknown}
 i - a scroll of teleportation {unknown}
 n - 4 scrolls of vulnerability {unknown}
Potions
 d - a potion of might
 f - 2 potions of heal wounds {unknown}
 j - a potion of attraction {unknown}
 l - a potion of ambrosia {unknown}
 o - a potion of mutation {unknown}


   Skills:
 + Level 6.7 Fighting
 + Level 1.4 Short Blades
 + Level 1.4 Long Blades
 + Level 4.7 Axes
 + Level 1.4 Maces & Flails
 + Level 1.4 Polearms
 + Level 1.4 Staves
 + Level 1.4 Slings
 + Level 1.4 Bows
 + Level 1.4 Crossbows
 + Level 1.4 Throwing
 + Level 6.7 Armour
 + Level 1.4 Dodging
 + Level 1.4 Stealth
 + Level 6.7 Shields
 + Level 1.4 Unarmed Combat
 + Level 1.4 Spellcasting
 + Level 1.1 Conjurations
 + Level 1.1 Hexes
 + Level 1.1 Summonings
 + Level 1.1 Necromancy
 + Level 1.1 Translocations
 + Level 1.1 Transmutations
 + Level 1.1 Fire Magic
 + Level 1.1 Ice Magic
 + Level 1.1 Air Magic
 + Level 1.1 Earth Magic
 + Level 1.1 Poison Magic
 + Level 1.6 Invocations
 + Level 1.4 Evocations


You had 6 spell levels left.
You didn't know any spells.
Your spell library contained the following spells:

 Spells                   Type           Power      Damage    Failure   Level
 Dazzling Flash           Conj/Hex       4%         N/A       97%         3
 Iskenderun's Mystic Bla  Conj/Tloc      2%         2d3       100%        4
 Starburst                Conj/Fire      1%         6d3       100%        6


Dungeon Overview and Level Annotations

Branches:
Dungeon (3/15)

Altars:
Yredelemnul

Shops:
D:2 (

Annotations:
D:3 2 transporters, Tzialkovskiy's ghost, amateur GrFi


Innate Abilities, Weirdness & Mutations

You have very sharp teeth.
Your uncanny sense of smell can sniff out nearby items.
Your experience applies equally to all skills.


Message History

Unknown command.
You are too injured to fight recklessly!
You are too injured to fight recklessly!
An ogre is nearby!
Unknown command.
You are too injured to fight recklessly!
You are too injured to fight recklessly!
An ogre is nearby!
Unknown command.
You are too injured to fight recklessly!
You are too injured to fight recklessly!
An ogre is nearby!
Unknown command.
You are too injured to fight recklessly!
You are too injured to fight recklessly!
An ogre is nearby!
Unknown command.
You are too injured to fight recklessly!
You are too injured to fight recklessly!
An ogre is nearby!
Unknown command.
You are too injured to fight recklessly!
You are too injured to fight recklessly!
An ogre is nearby!
Unknown command.
You are too injured to fight recklessly!
You are too injured to fight recklessly!
An ogre is nearby!
Unknown command.
You are too injured to fight recklessly!
You are too injured to fight recklessly!
An ogre is nearby!
Unknown command.
You are too injured to fight recklessly!
You are too injured to fight recklessly!
An ogre is nearby!
Unknown command.
Unknown command.
The ogre hits you with a +0 giant club!
You die...

#....≈.≈≈≈.≈≈≈.≈......##.###.##.[
##.....≈≈≈≈≈≈≈≈≈≈.≈≈≈............
##...P.≈≈P≈≈≈≈≈≈≈≈≈≈≈..≈.≈≈.....
##.....≈≈≈.≈≈≈≈≈≈≈≈≈≈≈≈≈P≈≈.P≈≈
#......≈..≈≈≈≈≈≈≈≈≈≈≈≈≈≈≈≈≈≈≈≈
##.....≈.≈≈≈≈≈≈≈≈≈≈≈≈≈≈≈≈≈≈≈≈≈
###..(...≈PP≈.≈≈.≈..≈≈.≈≈≈≈≈≈
##..........≈.......≈......
#######.@.....###........
##.O#.### ........ ##...# .....
##...# #### #..... #...##.# #####
#


You could see an ogre.

Vanquished Creatures
  An iguana (D:3)
  4 adders
  3 dart slugs
  6 orcs
  7 ball pythons
  5 bats
  6 endoplasms
  5 giant cockroaches
  3 goblins (D:1)
  7 hobgoblins
  6 kobolds
  2 quokkas
  6 frilled lizards
  6 rats
67 creatures vanquished.

Vanquished Creatures (others)
  15 plants (D:3)
15 creatures vanquished.

Grand Total: 82 creatures vanquished

Notes
Turn   | Place    | Note
-------+----------+-------------------------------------------
     0 | D:1      | Riddle the Gnoll Fighter began the quest for the Orb.
     0 | D:1      | Reached XP level 1. HP: 23/23 MP: 1/1
   161 | D:1      | Reached XP level 2. HP: 25/29 MP: 2/2
   478 | D:1      | Found a faded altar of an unknown god.
   722 | D:1      | Reached XP level 3. HP: 35/35 MP: 3/3
  1068 | D:2      | Reached skill level 1 in Invocations
  1078 | D:2      | Reached skill level 1 in Short Blades
  1078 | D:2      | Reached skill level 1 in Long Blades
  1078 | D:2      | Reached skill level 1 in Maces & Flails
  1078 | D:2      | Reached skill level 1 in Polearms
  1078 | D:2      | Reached skill level 1 in Staves
  1078 | D:2      | Reached skill level 1 in Slings
  1078 | D:2      | Reached skill level 1 in Bows
  1078 | D:2      | Reached skill level 1 in Crossbows
  1078 | D:2      | Reached skill level 1 in Throwing
  1078 | D:2      | Reached skill level 1 in Dodging
  1078 | D:2      | Reached skill level 1 in Stealth
  1078 | D:2      | Reached skill level 1 in Unarmed Combat
  1078 | D:2      | Reached skill level 1 in Spellcasting
  1078 | D:2      | Reached skill level 1 in Evocations
  1296 | D:2      | Reached XP level 4. HP: 36/41 MP: 5/5
  1379 | D:2      | Found Emmesor's Antique Weapon Boutique.
  1799 | D:3      | Reached skill level 1 in Conjurations
  1799 | D:3      | Reached skill level 1 in Hexes
  1799 | D:3      | Reached skill level 1 in Summonings
  1799 | D:3      | Reached skill level 1 in Necromancy
  1799 | D:3      | Reached skill level 1 in Translocations
  1799 | D:3      | Reached skill level 1 in Transmutations
  1799 | D:3      | Reached skill level 1 in Fire Magic
  1799 | D:3      | Reached skill level 1 in Ice Magic
  1799 | D:3      | Reached skill level 1 in Air Magic
  1799 | D:3      | Reached skill level 1 in Earth Magic
  1799 | D:3      | Reached skill level 1 in Poison Magic
  2435 | D:3      | Reached XP level 5. HP: 47/47 MP: 6/6
  2660 | D:3      | Identified the +7 dire flail of Busoext {elec, +Blink rC+}
  2660 | D:3      | Noticed an ogre
  2660 | D:3      | Noticed Tzialkovskiy's ghost (amateur GrFi)
  2661 | D:3      | Found a transporter.
  2661 | D:3      | Noticed an ogre
  2670 | D:3      | Found a transporter.
  2743 | D:3      | Found a basalt altar of Yredelemnul.
  2884 | D:3      | Noticed an ogre
  2896 | D:3      | Mangled by an ogre

Illustrated notes

Levels and vault maps discovered:
D:1:      mainiacjoe_arrival_reflecting_pool, layout_loops_corners,
          ebering_ecumenical_altar_rust, minivault_24, item_on_display_a
D:2:      layout_rooms, serial_shops, shop, minmay_circle_x, uniq_jessica
D:3:      layout_loops_cross, nicolae_overflow_hidden_temple,
          gammafunk_ghost_smash, chequers_big_river,
          hangedman_abyss_or_decor_lesser_grid

Skill      XL: |  1  2  3  4 |
---------------+-------------+-----
Invocations    | 1 |  1.6
Short Blades   | 1 |  1.4
Long Blades    | 1 |  1.4
Maces & Flails | 1 |  1.4
Polearms       | 1 |  1.4
Staves         | 1 |  1.4
Slings         | 1 |  1.4
Bows           | 1 |  1.4
Crossbows      | 1 |  1.4
Throwing       | 1 |  1.4
Dodging        | 1 |  1.4
Stealth        | 1 |  1.4
Unarmed Combat | 1 |  1.4
Spellcasting   | 1 |  1.4
Evocations     | 1 |  1.4
Conjurations   | 1 |  1.1
Hexes          | 1 |  1.1
Summonings     | 1 |  1.1
Necromancy     | 1 |  1.1
Translocations | 1 |  1.1
Transmutations | 1 |  1.1
Fire Magic     | 1 |  1.1
Ice Magic      | 1 |  1.1
Air Magic      | 1 |  1.1
Earth Magic    | 1 |  1.1
Poison Magic   | 1 |  1.1
Fighting       | |  6.7
Axes           | |  4.7
Armour         | |  6.7
Shields        | |  6.7

Action                   |  1- 3 |  4- 6 || total
-------------------------+-------+-------++-------
Melee: War axe           |    81 |   113 ||   194
       Bite              |     8 |    11 ||    19
Armor: Scale mail        |    27 |    44 ||    71
Dodge: Dodged            |    17 |    49 ||    66
Block: Buckler           |    22 |    35 ||    57
